AoeStats
← kokliii

Black Forest

504381425Analyzed
4v4 RM · 28d ago on Sep 5, 2026· 59m 4s· 8 players
Game mode
Random Map
Map size
Large (8 player)
Population
200
Speed
Normal
Resources
Standard
Victory
Conquest
Starting age
Dark Age
Ending age
Imperial Age
RankedLock teamsTeams togetherTeam positionsShared explorationLock speedFull tech treeHidden civsTurbo modeCheats
Victory
Defeat
🇱🇧 Bulgarians · Lebanon
796
+9
🇹🇷 Persians · Türkiye
796
+9
🇳🇮 Saracens · Nicaragua
688
+13
🇹🇷 Bohemians · Türkiye
662
+13
🇲🇽 Teutons · Mexico
639
-12
🇬🇧 Jurchens · United Kingdom
637
-12
🇺🇸 Khmer · United States
629
-11
🇺🇸 Britons · United States
575
-9
Executioner's Bong
0:27 Loom
13:12 Feudal Age
14:04 Double-Bit Axe
16:06 Horse Collar
21:31 Castle Age
19:40 Stone Mining
24:10 Bow Saw
24:35 Heavy Plow
25:13 Fortified Wall
25:24 Town Watch
26:15 Wheelbarrow
26:24 Treadmill Crane
26:57 Town Patrol
27:02 Gold Mining
28:26 Masonry
31:00 Hand Cart
32:38 Fortified Bastions
37:10 Imperial Age
35:17 Caravan
36:58 Fletching
38:06 Gold Shaft Mining
38:20 Stone Shaft Mining
37:44 Bodkin Arrow
37:47 Murder Holes
37:59 Siege Engineers
37:51 Guard Tower
40:18 Two-Man Saw
39:26 Bracer
41:14 Keep
40:30 Elite Skirmisher
43:00 Chemistry
42:25 Conscription
42:24 Padded Archer Armor
45:05 Ballistics
49:48 Elite Fire Lancer
50:48 Forging
50:40 Scale Mail Armor
51:24 Leather Archer Armor
51:59 Gambesons
53:39 Ring Archer Armor
55:17 Iron Casting
54:57 Chain Mail Armor
57:21 Blast Furnace
Inspector_Choi
13:13 Feudal Age
14:55 Loom
15:18 Double-Bit Axe
15:15 Horse Collar
19:40 Castle Age
19:07 Stone Mining
20:15 Wheelbarrow
21:49 Heavy Plow
23:25 Fletching
24:15 Bow Saw
25:59 Hand Cart
27:02 Gold Mining
27:47 Caravan
36:49 Imperial Age
36:25 Pikeman
37:32 Bodkin Arrow
37:39 Padded Archer Armor
37:45 Scale Barding Armor
37:41 Scale Mail Armor
37:52 Forging
39:59 Double Crossbow
40:21 Conscription
41:26 Heavy Scorpion
42:14 Bracer
42:29 Leather Archer Armor
42:41 Halberdier
46:00 Elite Ballista Elephant
48:33 Chain Mail Armor
48:49 Ring Archer Armor
53:01 Husbandry
54:47 Iron Casting
GandalfTheGray
0:33 Loom
11:48 Feudal Age
12:27 Double-Bit Axe
12:29 Horse Collar
16:40 Town Watch
21:18 Castle Age
20:01 Fletching
20:07 Gold Mining
20:09 Stone Mining
21:26 Fletching
22:51 Wheelbarrow
22:49 Bow Saw
23:59 Bodkin Arrow
24:31 Heavy Plow
25:49 Padded Archer Armor
26:27 Pikeman
28:30 Leather Archer Armor
29:00 Gambesons
32:01 Hand Cart
32:52 Squires
35:37 Imperial Age
33:13 Scale Mail Armor
34:08 Ballistics
34:17 Murder Holes
33:58 Elite Skirmisher
34:02 Man-at-Arms
35:13 Forging
35:35 Sanctity
36:32 Iron Casting
36:52 Conscription
36:11 Halberdier
37:11 Caravan
37:42 Town Patrol
37:37 Long Swordsman
38:42 Bracer
40:15 Gold Shaft Mining
39:41 Two-Handed Swordsman
42:05 Blast Furnace
42:40 Two-Man Saw
42:24 Yeomen
42:46 Champion
44:52 Chemistry
45:13 Elite Longbowman
46:13 Husbandry
51:53 Fortified Wall
52:29 Chain Mail Armor
2022aoe2
0:30 Loom
14:26 Feudal Age
16:34 Double-Bit Axe
16:32 Horse Collar
16:46 Stone Mining
16:47 Gold Mining
23:38 Castle Age
24:50 Bow Saw
24:43 Heavy Plow
25:27 Stone Shaft Mining
25:24 Town Watch
27:09 Wheelbarrow
34:59 Imperial Age
32:45 Hand Cart
32:56 Ballistics
33:40 Coinage
35:03 Bloodlines
34:56 Guard Tower
35:17 Fortified Wall
35:22 Forging
35:13 Scale Mail Armor
35:19 Scale Barding Armor
35:15 Padded Archer Armor
36:22 Conscription
37:25 Onager
38:40 Banking
39:21 Cavalier
41:11 Chemistry
40:18 Siege Engineers
40:50 Keep
41:00 Guilds
42:15 Ironclad
43:48 Hoardings
43:35 Crenellations
46:42 Elite Teutonic Knight
46:48 Elite Teutonic Knight
ali_mansour10
0:30 Loom
16:01 Feudal Age
18:26 Wheelbarrow
17:36 Town Watch
17:35 Horse Collar
17:58 Double-Bit Axe
22:37 Castle Age
23:45 Hand Cart
24:09 Bow Saw
24:01 Scale Mail Armor
24:13 Forging
24:08 Scale Barding Armor
24:08 Stone Mining
24:09 Gold Mining
29:20 Stone Shaft Mining
29:11 Elite Skirmisher
29:56 Thumb Ring
29:44 Fletching
29:55 Padded Archer Armor
30:12 Chain Mail Armor
31:03 Leather Archer Armor
30:44 Bodkin Arrow
31:14 Ballistics
30:49 Murder Holes
31:04 Masonry
31:13 Town Patrol
33:19 Caravan
33:42 Chain Barding Armor
37:54 Coinage
39:56 Imperial Age
40:04 Imperial Age
37:55 Stirrups
37:23 Light Cavalry
38:13 Bloodlines
38:04 Husbandry
38:49 Heavy Plow
41:17 Conscription
40:30 Elite Konnik
42:01 Banking
41:12 Onager
43:09 Bracer
43:41 Plate Mail Armor
43:49 Iron Casting
43:00 Siege Onager
45:59 Squires
45:20 Pikeman
46:53 Architecture
46:28 Siege Engineers
47:24 Chemistry
48:41 Gambesons
51:23 Crop Rotation
53:21 Gold Shaft Mining
chingon
0:48 Loom
15:21 Feudal Age
17:02 Double-Bit Axe
19:48 Horse Collar
25:59 Castle Age
25:32 Stone Mining
26:14 Forging
26:10 Scale Barding Armor
26:06 Padded Archer Armor
28:44 Heavy Plow
29:44 Wheelbarrow
31:14 Town Watch
31:53 Fortified Wall
32:25 Bow Saw
34:07 Caravan
34:35 Hand Cart
34:46 Town Patrol
38:53 Imperial Age
38:22 Husbandry
38:33 Bloodlines
38:49 Chain Barding Armor
39:04 Iron Casting
38:20 Fletching
38:46 Leather Archer Armor
40:36 Ballistics
40:16 Bodkin Arrow
40:21 Pikeman
41:02 Squires
40:47 Gambesons
40:48 Arson
40:26 Elite Skirmisher
41:12 Thumb Ring
44:01 Plate Barding Armor
44:27 Blast Furnace
43:53 Heavy Camel Rider
47:04 Bracer
47:58 Ring Archer Armor
57:04 Two-Man Saw
kokliii
1:09 Loom
12:16 Feudal Age
13:44 Double-Bit Axe
13:40 Horse Collar
14:42 Wheelbarrow
16:03 Gold Mining
21:53 Castle Age
20:22 Scale Barding Armor
20:28 Forging
20:09 Fletching
20:19 Padded Archer Armor
20:36 Bloodlines
22:38 Stone Mining
23:51 Bow Saw
24:44 Heavy Plow
25:42 Fervor
27:48 Hand Cart
27:44 Husbandry
28:06 Chain Barding Armor
28:22 Iron Casting
29:08 Leather Archer Armor
29:26 Caravan
30:19 Kamandaran
29:42 Crossbowman
31:34 Thumb Ring
32:09 Town Watch
33:16 Caravan
36:24 Imperial Age
34:18 Ballistics
33:53 Murder Holes
34:09 Masonry
34:01 Bodkin Arrow
37:50 Two-Man Saw
37:29 Crop Rotation
37:36 Plate Barding Armor
38:02 Blast Furnace
37:32 Ring Archer Armor
38:06 Chemistry
38:08 Conscription
38:10 Elite War Elephant
39:27 Hoardings
39:03 Citadels
39:18 Town Patrol
38:53 Cavalier
40:43 Savar
43:08 Architecture
50:00 Light Cavalry
52:05 Hussar
DUREX
0:53 Loom
11:33 Feudal Age
12:21 Double-Bit Axe
13:40 Wheelbarrow
13:43 Horse Collar
23:55 Castle Age
25:05 Bow Saw
25:33 Caravan
25:45 Heavy Plow
27:51 Chemistry
27:29 Hand Cart
28:42 Treadmill Crane
34:17 Imperial Age
32:37 Ballistics
32:15 Murder Holes
33:50 Wagenburg Tactics
33:50 Padded Archer Armor
34:02 Forging
33:43 Fletching
34:02 Town Watch
35:09 Houfnice
37:52 Two-Man Saw
39:12 Conscription
39:10 Siege Engineers
42:34 Pikeman
43:14 Squires
42:59 Arson
44:06 Town Patrol
Connection lost

Rejoining the realm…

Still unreachable

The connection could not be restored.

Session expired

The server has moved on; the page needs a fresh start.